 Dungeon Crawl Stone Soup version 0.31-a0-240-gb923e448b6 (webtiles) character file.

Game seed: 2828374866970857329

11251 Morbidden the Changeling (level 11, -17/46 HPs)
             Began as a Vine Stalker Shapeshifter on July 12, 2023.
             Was a High Priest of Cheibriados.
             Demolished by a death yak (21 damage)
             ... on level 1 of the Lair of Beasts.
             The game lasted 00:11:06 (7513 turns).

Morbidden the Changeling (VSSh)                     Turns: 7513, Time: 00:11:06

Health: -17/46     AC:  9    Str: 34    XL:     11   Next: 74%
Magic:  0/19       EV: 13    Int: 23    God:    Cheibriados [*****.]
Gold:   414        SH:  0    Dex: 26    Spells: 14/20 levels left

rFire   . . .        a - melded +2 short sword (protect)
rCold   . . .        (shield currently unavailable)
rNeg    . . .        k - melded +0 troll leather armour
rPois   +            (helmet currently unavailable)
rElec   .            (cloak currently unavailable)
rCorr   .            (gloves currently unavailable)
SInv    .            (boots currently unavailable)
Will    +....        (no amulet)
Stlth   ++           i - ring of poison resistance
HPRegen 1.07/turn    (no ring)
MPRegen 0.16/turn

%: guardian spirit
@: snake-form, very slow
A: constrict, amphibious, reduced hp, large, (fangs 3), regeneration 1, magic
shield, (antimagic bite), no potion heal 2
a: Renounce Religion, Bend Time, Temporal Distortion, Slouch, Step From Time


You were on level 1 of the Lair of Beasts.
You worshipped Cheibriados.
Cheibriados was extremely pleased with you.
You were an enormous anaconda.
You visited 3 branches of the dungeon, and saw 12 of its levels.

You collected 414 gold pieces.

Inventory:

Hand Weapons
 a - a +2 short sword of protection (melded)
 l - a +2 rapier
Missiles
 e - 10 silver javelins
 m - 12 boomerangs (quivered)
 y - 3 curare-tipped darts
Armour
 k - a +0 troll leather armour (melded)
 E - +0 acid dragon scales
Jewellery
 i - a ring of poison resistance (left hand)
Talismans
 c - a beast talisman
 p - a serpent talisman
Wands
 r - a wand of polymorph (35)
 u - a wand of mindburst (19)
 C - a wand of acid (4)
 D - a wand of flame (11)
Scrolls
 d - a scroll of blinking
 f - 12 scrolls of identify
 h - 2 scrolls of poison
 j - a scroll of fog {unknown}
 x - 2 scrolls of revelation
 A - a scroll of immolation
Potions
 b - a potion of invisibility
 g - a potion of brilliance {unknown}
 n - 3 potions of heal wounds
 o - a potion of cancellation {unknown}
 q - 2 potions of ambrosia {unknown}
 s - a potion of attraction {unknown}
 t - 2 potions of might {unknown}
 v - 2 potions of mutation {unknown}
 z - a potion of magic {unknown}
 B - 3 potions of curing {unknown}


   Skills:
 * Level 4.8 Fighting
 + Level 5.0 Short Blades
 + Level 2.3 Throwing
 * Level 6.1 Armour
 * Level 4.9 Dodging
 + Level 0.5 Stealth
 * Level 5.7 Unarmed Combat
 * Level 5.3 Spellcasting
 * Level 4.6 Fire Magic
 * Level 4.1 Air Magic
 * Level 4.4 Invocations
 * Level 3.8 Evocations
 * Level 6.1 Shapeshifting


You had 14 spell levels left.
You knew the following spells:

 Your Spells              Type           Power      Damage    Failure   Level
a - Plasma Beam           Fire/Air       13%        2x1d24    100%        6

Your spell library contained the following spells:

 Spells                   Type           Power      Damage    Failure   Level
 Foxfire                  Conj/Fire      64%        2x1d7     50%         1
 Cigotuvi's Dreadful Rot  Necr/Pois/Air  24%        N/A       63%         2
 Freeze                   Ice            24%        1d4       67%         1
 Ignite Poison            Fire/Tmut/Pois 13%        N/A       75%         3
 Frozen Ramparts          Ice            12%        1d2       87%         3
 Hailstorm                Conj/Ice       6%         3d4       87%         3
 Cause Fear               Hex            3%         N/A       99%         4
 Fireball                 Conj/Fire      8%         3d6       99%         5
 Freezing Cloud           Conj/Ice/Air   6%         6-21      99%         5
 Starburst                Conj/Fire      8%         6d4       100%        6
 Dragon's Call            Summ           3%         N/A       100%        9


Dungeon Overview and Level Annotations

Branches:
Dungeon (10/15)            Temple (1/1) D:4            Lair (1/5) D:8
    Orc: D:9-12

Altars:
Cheibriados
Dithmenos
Elyvilon
Gozag
Makhleb
Nemelex Xobeh
Sif Muna
Trog
Uskayaw
Wu Jian
Xom
Yredelemnul
Zin
The Shining One

Shops:
D:3 *

Annotations:
D:3 2 transporters, Maciety's ghost, amateur MiFi


Innate Abilities, Weirdness & Mutations

You are an enormous anaconda.
You have a powerful constriction melee attack.
You are amphibious.
Your maximum health is decreased, since you lack skill for your form.
Your spellcasting is less reliable in this form.
Your armour is entirely melded.
You are incapable of wielding weapons or throwing items.
((You have razor-sharp teeth.))
Your natural rate of healing is unusually fast.
When hurt, damage is shared between your health and your magic reserves.
((Your bite disrupts and absorbs the magic of your enemies.))
Potions cannot restore your health.


Message History

The death yak looks as sick as possible!
The death yak gores you!!
* * * LOW HITPOINT WARNING * * *
The death yak is engulfed in poison gas.
The death yak looks as sick as possible!
The death yak gores you!
* * * LOW HITPOINT WARNING * * *
The death yak is engulfed in poison gas.
The death yak looks as sick as possible!
Your Air Magic skill increases to level 4!
Unknown command.
Unknown command.
Unknown command.
You don't have enough magic at the moment.
Unknown command.
Unknown command.
Unknown command.
You body-slam the death yak!!
You kill the death yak!
Cheibriados appreciates the change of pace.
The death yak is engulfed in poison gas.
The death yak is poisoned.
The death yak looks as sick as possible!
The death yak barely misses you.
The death yak is engulfed in poison gas.
The death yak looks as sick as possible!
The death yak gores you but does no damage.
Your Short Blades skill increases to level 5!
Unknown command.
Unknown command.
You lash the death yak! You grab the death yak.
The death yak is severely wounded.
You constrict the death yak.
The death yak is engulfed in poison gas.
The death yak looks as sick as possible!
The death yak misses you.
The death yak is engulfed in poison gas.
The death yak looks as sick as possible!
The death yak gores you!!
You die...

#############
##.##.##.○##P#
.........§§§☼####
.........§§☼○§#.#
.......P.§☼§○☼§## ## #
##..########§§§°##°#○###
##..# #.#§○YS○°°°○○☼
#P..# ####§Y○§#○§§§§
#...# # ###§§☼°P○.§§☼
.#...###. #§○§§○§§○§§ §
.#...###§Y§#P§°○°○§§
.....[#..§###°☼°§§§☼
#...○§§§## ##§○§§§
.##.☼§F°# #§°°§ ##....#
#.


You could see 3 death yaks and a blink frog.

Vanquished Creatures
  2 death yaks (Lair:1)
  A cane toad (Lair:1)
  An unseen horror (D:10)
  A komodo dragon (D:10)
  A troll (D:10)
  2 hornets
  2 blink frogs (Lair:1)
  24 yaks
  A shadow (D:10)
  A wyvern (D:8)
  4 steam dragons
  Menkaure (D:7)
  Edmund (D:4)
  An acid dragon (D:9)
  Duvessa (D:6)
  3 water moccasins
  An ice beast (D:6)
  2 sky beasts (D:8)
  5 black bears
  5 centaurs
  A phantom (D:5)
  Blork the orc (D:5)
  7 bullfrogs
  2 scorpions (D:8)
  3 wights (D:6)
  Dowan (D:6)
  8 killer bees
  A howler monkey (D:5)
  4 hounds
  2 jellies
  2 orc priests
  A gnoll bouda (D:6)
  4 sleepcaps
  An iguana (D:6)
  9 orc wizards
  9 adders
  6 gnolls
  A shadow imp (D:7)
  3 white imps
  2 worms (D:2)
  5 dart slugs
  28 orcs
  3 bats
  10 endoplasms
  5 giant cockroaches
  6 goblins
  5 hobgoblins
  3 jackals
  7 quokkas
  8 ball pythons
  2 frilled lizards
  6 kobolds
  4 rats
220 creatures vanquished.

Vanquished Creatures (others)
  A wizard (D:9)
  An orc wizard (D:4)
2 creatures vanquished.

Grand Total: 222 creatures vanquished

Notes
Turn   | Place    | Note
-------+----------+-------------------------------------------
     0 | D:1      | Morbidden the Vine Stalker Shapeshifter began the quest for
                  | the Orb.
     0 | D:1      | Reached XP level 1. HP: 11/11 MP: 2/2
    74 | D:1      | Reached XP level 2. HP: 15/15 MP: 3/3
   481 | D:2      | Reached XP level 3. HP: 18/18 MP: 4/4
   777 | D:2      | Gained mutation: Your natural rate of healing is unusually
                  | fast. [Vine Stalker growth]
   777 | D:2      | Reached XP level 4. HP: 21/23 MP: 6/6
   817 | D:2      | Found a faded altar of an unknown god.
   973 | D:2      | Reached skill level 1 in Spellcasting
  1152 | D:3      | Found a transporter.
  1152 | D:3      | Noticed an ogre
  1152 | D:3      | Noticed Maciety's ghost (amateur MiFi)
  1153 | D:3      | Found a transporter.
  1153 | D:3      | Identified the +4 great mace of Generosity {freeze, rF+
                  | Will+ Int+3 Dex+3}
  1153 | D:3      | Noticed an ogre
  1186 | D:3      | Reached XP level 5. HP: 26/26 MP: 7/7
  1284 | D:3      | Found Udig's General Store.
  1600 | D:4      | Found a staircase to the Ecumenical Temple.
  1626 | Temple   | Entered the Ecumenical Temple
  1642 | Temple   | Became a worshipper of Cheibriados the Contemplative
  1661 | D:4      | Noticed Edmund
  1676 | D:4      | Killed Edmund
  1677 | D:4      | Reached skill level 1 in Short Blades
  1677 | D:4      | Reached skill level 1 in Armour
  1677 | D:4      | Reached XP level 6. HP: 31/31 MP: 7/9
  2103 | D:4      | Learned a level 6 spell: Plasma Beam
  2333 | D:5      | Entered Level 5 of the Dungeon
  2522 | D:5      | Noticed Blork the orc
  2538 | D:5      | Killed Blork the orc
  2538 | D:5      | Reached * piety under Cheibriados
  2539 | D:5      | Reached XP level 7. HP: 23/35 MP: 8/11
  2725 | D:5      | Reached skill level 1 in Fire Magic
  3321 | D:6      | Reached ** piety under Cheibriados
  3322 | D:6      | Reached skill level 1 in Air Magic
  3322 | D:6      | Reached skill level 1 in Invocations
  3371 | D:6      | Gained mutation: You have razor-sharp teeth. [Vine Stalker
                  | growth]
  3371 | D:6      | Reached XP level 8. HP: 16/39 MP: 12/12
  3404 | D:6      | Found a white marble altar of Elyvilon.
  3425 | D:6      | Noticed Dowan
  3426 | D:6      | Noticed Duvessa
  3434 | D:6      | Killed Duvessa
  3438 | D:6      | Killed Dowan
  3455 | D:6      | Reached skill level 1 in Evocations
  3748 | D:6      | Reached skill level 1 in Throwing
  4049 | D:7      | Reached skill level 5 in Shapeshifting
  4049 | D:7      | Reached XP level 9. HP: 44/44 MP: 14/14
  4060 | D:7      | Noticed Menkaure
  4065 | D:7      | Killed Menkaure
  4115 | D:7      | Reached *** piety under Cheibriados
  4769 | D:8      | Noticed a hornet
  4779 | D:8      | Killed a hornet
  4924 | D:8      | Found a staircase to the Lair.
  4934 | D:8      | Reached XP level 10. HP: 47/49 MP: 14/16
  5089 | D:8      | Reached **** piety under Cheibriados
  5860 | D:9      | Reached skill level 5 in Armour
  5939 | D:9      | Found a shimmering blue altar of Sif Muna.
  5955 | D:9      | Found a sparkling altar of Nemelex Xobeh.
  6314 | D:9      | Found a glowing golden altar of the Shining One.
  6415 | D:9      | Found a bloodstained altar of Trog.
  6416 | D:9      | Noticed a wizard
  6420 | D:9      | Killed a wizard
  6525 | D:10     | Entered Level 10 of the Dungeon
  6547 | D:10     | Reached skill level 5 in Unarmed Combat
  6554 | D:10     | Reached XP level 11. HP: 17/53 MP: 12/18
  6752 | D:10     | Reached ***** piety under Cheibriados
  6980 | D:10     | Found an opulent altar of Gozag.
  7262 | D:10     | Reached skill level 5 in Spellcasting
  7337 | D:10     | Found a shadowy altar of Dithmenos.
  7428 | Lair:1   | Entered Level 1 of the Lair of Beasts
  7488 | Lair:1   | Found an ornate altar of the Wu Jian Council.
  7495 | Lair:1   | Noticed a death yak
  7495 | Lair:1   | Noticed a death yak
  7495 | Lair:1   | Noticed a death yak
  7496 | Lair:1   | Noticed a death yak
  7496 | Lair:1   | Noticed a death yak
  7511 | Lair:1   | Killed a death yak
  7511 | Lair:1   | HP: 2/45 [death yak (10)]
  7512 | Lair:1   | Killed a death yak
  7513 | Lair:1   | Reached skill level 5 in Short Blades
  7513 | Lair:1   | Demolished by a death yak

Illustrated notes

Levels and vault maps discovered:
D:1:      amcnicky_arrival_double_pillar, layout_basic
D:2:      minmay_angry_zag, layout_basic,
          hellmonk_ecumenical_altar_inner_sanctum
D:3:      layout_rooms, serial_shops, nicolae_shop_behind_doors,
          gammafunk_ghost_smash
D:4:      layout_loops_ring, minmay_temple_entry_gardened_gates,
          nicolae_concentric_dashed_squares_wild, uniq_edmund
D:5:      layout_basic, chequers_avenue, uniq_blork_the_orc
D:6:      layout_basic, elyvilon_altar_3, dreamdust_princess_bridge,
          uniq_duvessa
D:7:      layout_gridville, uniq_menkaure
D:8:      layout_basic, due_lair_maze_entry_diamond, serial_park_tiny_1,
          bh_walls_and_bars
D:9:      layout_roguey, trog_wizard, tso_altar,
          mainiacjoe_overflow_catwalk_spiral, minmay_misc_feat_square,
          minmay_misc_feat_five
D:10:     layout_loops_ring, nicolae_overflow_crystal_walls,
          nicolae_dithmenos_through_a_glass_darkly, billiards_dpeg
Temple:   eino_wide_crystal_templ
Lair:1:   layout_concentric_octagons, basic_altar, lemuel_old_faithful,
          lemuel_fruit_fields, serial_bayou_shore_b

Skill      XL: |  1  2  3  4  5  6  7  8  9 10 11 |
---------------+----------------------------------+-----
Fighting       | 2 3 4 |  4.8
Spellcasting   | 1 2 3 4 5 |  5.3
Dodging        | 2 3 4 |  4.9
Shapeshifting  | 4 5 6 |  6.1
Short Blades   | 1 2 3 4 5 |  5.0
Armour         | 1 2 3 4 5 6 |  6.1
Unarmed Combat | 3 4 5 |  5.7
Fire Magic     | 1 2 3 4 |  4.6
Air Magic      | 1 2 3 4 |  4.1
Invocations    | 1 2 3 4 |  4.4
Evocations     | 1 2 3 |  3.8
Throwing       | 1 2 |  2.3
Stealth        | |  0.5

Action                     |  1- 3 |  4- 6 |  7- 9 | 10-12 || total
---------------------------+-------+-------+-------+-------++-------
  Melee: Unarmed           |    16 |     5 |       |    24 ||    45
         Bite              |    16 |    38 |    72 |   110 ||   236
         Short sword       |    62 |   136 |   210 |   261 ||   669
         Punch             |     2 |     2 |     9 |    17 ||    30
         Constrict         |       |       |       |     8 ||     8
  Throw: Boomerang         |       |     5 |    57 |     5 ||    67
         Javelin           |       |       |     8 |       ||     8
 Invoke: Slouch            |       |       |       |     1 ||     1
  Evoke: Wand              |       |       |       |     2 ||     2
    Use: Potion            |       |     1 |     2 |       ||     3
         Scroll            |       |       |     3 |     8 ||    11
   Stab: Distracted        |       |       |     1 |       ||     1
 Armour: Animal skin       |    14 |       |       |       ||    14
         Chain mail        |    29 |    76 |   148 |    76 ||   329
         Skin              |       |     8 |       |     5 ||    13
         Acid dragon scale |       |       |       |     8 ||     8
         Troll leather arm |       |       |       |    23 ||    23
  Dodge: Dodged            |    42 |    37 |   149 |   142 ||   370
   Form: Anaconda          |       |       |       |     1 ||     1

Table legend: (Time is in decaauts)
 A = Elapsed time spent in this place.
 B = Non-inter-level travel time spent in this place.
 C = Inter-level travel time spent in this place.
 D = Time resting spent in this place.
 E = Time spent auto-exploring this place.
 F = Levels seen in this place.
 G = Mean time per level.
                   A        B        C        D        E       F      G
               +--------+--------+--------+--------+--------+-----+--------+
         Total |  10027 |   9365 |    662 |    124 |   7624 |  12 |  835.6 |
       Dungeon |   9860 |   9207 |    653 |    124 |   7504 |  10 |  986.0 |
        Temple |     25 |     18 |      7 |      0 |      4 |   1 |   25.0 |
          Lair |    141 |    141 |      0 |      0 |    116 |   1 |  141.0 |
               +--------+--------+--------+--------+--------+-----+--------+

Top non-repeatable levels by time:
     D:9: 1373 daAuts
     D:8: 1372 daAuts
     D:5: 1310 daAuts
    D:10: 1291 daAuts
     D:7: 1087 daAuts
     D:4: 949 daAuts
     D:6: 943 daAuts
     D:2: 668 daAuts
     D:1: 473 daAuts
     D:3: 392 daAuts
  Lair:1: 141 daAuts
  Temple: 25 daAuts
